[Event "Titled Tuesday Blitz November 14 Early 2023"]
[White "Daneshvar, Bardiya"]
[Black "Nihal Sarin"]
[WhiteFideId "12576468"]
[BlackFideId "25092340"]
[WhiteElo "2975"]
[BlackElo "3126"]
[Result "1-0"]
[Round "5"]
[TimeControl "180+1"]
[Date "2023.11.14"]
[WhiteClock "0:00:04"]
[BlackClock "0:00:07"]
[Board "2"]

1. Nf3 d5 2. e3 Nf6 3. c4 c6 4. Nc3 e6 5. b3 Bd6 6. Bb2 O-O 7. Be2 e5 8. cxd5 cxd5 9. Nb5 Nc6 10. Nxd6 Qxd6 11. d4 e4 12. Ne5 Be6 13. Nxc6 Qxc6 14. Rc1 Qd7 15. h3 Rfc8 16. Qd2 Rxc1+ 17. Bxc1 Rc8 18. Ba3 Qc7 19. O-O Qc2 20. Rd1 Nd7 21. Bb4 Qxd2 22. Rxd2 f5 23. f4 exf3 24. Bxf3 Nf6 25. Kf2 Bf7 26. Be7 Ne4+ 27. Bxe4 fxe4 28. a4 Rc3 29. Rb2 b6 30. Bb4 Rc6 31. a5 Be6 32. axb6 axb6 33. Be7 Kf7 34. Bd8 b5 35. Ba5 g5 36. Bb4 Rc1 37. Kg3 h5 38. h4 gxh4+ 39. Kxh4 Kg6 40. Bd6 Rh1+ 41. Kg3 h4+ 42. Kf2 Rd1 43. Rc2 Rd3 44. b4 Rb3 45. Rc6 Rb2+ 46. Kg1 Kh5 47. Bf4 Bf5 48. Rf6 Kg4 49. Bd6 Rb1+ 50. Kh2 Rb2 51. Kg1 Re2 52. Bf4 Rc2 53. Rf8 Bc8 54. Rg8+ Kf5 55. Rg5+ Ke6 56. Re5+ Kf6 57. Rxd5 h3 58. gxh3 Bxh3 59. Rxb5 Rg2+ 60. Kh1 Rb2 61. Rh5 Bg2+ 62. Kg1 Bf3 63. Rc5 Rxb4 64. Kf2 Rb2+ 65. Kg3 Rc2 66. Rxc2 1-0


[Site "https://www.chess.com"]

[Event "Titled Tuesday Blitz November 14 Early 2023"]
[White "Andreikin, Dmitry"]
[Black "Mitrabha, Guha"]
[WhiteFideId "4158814"]
[BlackFideId "5057000"]
[WhiteElo "3123"]
[BlackElo "2960"]
[Result "1-0"]
[Round "5"]
[TimeControl "180+1"]
[Date "2023.11.14"]
[WhiteClock "0:00:58"]
[BlackClock "0:00:10"]
[Board "3"]

1. d4 Nf6 2. c4 e6 3. Nf3 b6 4. a3 Bb7 5. Nc3 d5 6. cxd5 Nxd5 7. e3 Be7 8. Bb5+ c6 9. Bd3 Nxc3 10. bxc3 O-O 11. h4 h6 12. e4 c5 13. Be3 Nd7 14. e5 cxd4 15. cxd4 b5 16. Qd2 Nb6 17. Bxh6 Nc4 18. Qf4 f6 19. Bxg7 fxe5 20. Qg4 Rf4 21. Qg6 Qa5+ 22. Kf1 Nd2+ 23. Kg1 1-0


[Site "https://www.chess.com"]

[Event "Titled Tuesday Blitz November 14 Early 2023"]
[White "Firouzja, Alireza"]
[Black "Gurel, Ediz"]
[WhiteFideId "12573981"]
[BlackFideId "44507356"]
[WhiteElo "3084"]
[BlackElo "2944"]
[Result "1/2-1/2"]
[Round "5"]
[TimeControl "180+1"]
[Date "2023.11.14"]
[WhiteClock "0:00:17"]
[BlackClock "0:00:12"]
[Board "5"]

1. e4 c5 2. Nf3 e6 3. g3 Nc6 4. Bg2 d5 5. exd5 exd5 6. O-O Nf6 7. d4 Be7 8. dxc5 O-O 9. Be3 Ng4 10. Bd4 Nxd4 11. Nxd4 Bxc5 12. Nb3 Bb6 13. Nc3 Nf6 14. Nxd5 Nxd5 15. Qxd5 Qf6 16. c3 Rb8 17. Qf3 Qg6 18. Qf4 Be6 19. Nd4 Rfd8 20. Be4 Qh5 21. Rfd1 Rf8 22. Rd2 Bh3 23. Re1 Rbe8 24. Rde2 Be6 25. Bxb7 h6 26. Bf3 Qa5 27. a3 Bc7 28. Qh4 Qb6 29. Nxe6 fxe6 30. Kg2 Rf6 31. Qc4 Kh8 32. Qc6 Ref8 33. Qxb6 Bxb6 34. Bg4 Rxf2+ 35. Kh3 Rxe2 36. Rxe2 Rf2 37. Rxf2 Bxf2 38. Bxe6 Be3 39. a4 Bc1 40. b3 g6 41. Kg4 Kg7 42. Kf3 Kf6 43. Bd7 Ke5 44. Be8 g5 45. Kg4 Kf6 46. Kh5 Kg7 47. c4 Ba3 48. a5 Bb4 49. a6 Bc5 50. Bc6 Bb4 51. Bf3 Bc5 52. Bg2 Bb4 53. Kg4 Kf6 54. h4 gxh4 55. Kxh4 Bc5 56. Kh5 Kg7 57. Bf3 Bb4 58. g4 Bc5 59. g5 hxg5 60. Kxg5 Kf7 61. Kf5 Ke7 62. Ke5 Kd7 63. Kd5 Ba3 64. c5 Kc7 65. Kc4 Bc1 66. b4 Be3 67. Bg2 Bf2 68. Bh1 Be3 69. b5 Bf2 70. Bg2 Be3 71. b6+ Kb8 72. Kb5 Bf2 73. Bb7 Be3 74. Kc6 Bf2 75. Kb5 Be3 76. Kc4 Bf2 77. Kd5 axb6 78. c6 b5 79. Ke6 Bg3 80. Kd5 b4 81. Kc5 b3 82. c7+ Bxc7 83. Kc4 b2 84. Be4 Be5 85. Kb3 Ka7 86. Ka2 Kxa6 87. Kb1 Kb6 88. Bf5 Kc5 89. Bc2 Kb4 90. Bd1 Bf4 91. Bc2 Be3 92. Bd1 Bd2 93. Bc2 Bc3 94. Bd1 Bd4 95. Bc2 Bc5 96. Bd1 Bd4 97. Bc2 Bc5 98. Bd1 Bd4 1/2-1/2


[Site "https://www.chess.com"]

[Event "Titled Tuesday Blitz November 14 Early 2023"]
[White "Lazavik, Denis"]
[Black "Bharath Subramaniyam H"]
[WhiteFideId "13515110"]
[BlackFideId "46634827"]
[WhiteElo "3062"]
[BlackElo "2928"]
[Result "1-0"]
[Round "5"]
[TimeControl "180+1"]
[Date "2023.11.14"]
[WhiteClock "0:00:04"]
[BlackClock "0:00:01"]
[Board "6"]

1. d4 Nf6 2. c4 e6 3. Nc3 Bb4 4. e3 O-O 5. Bd3 d5 6. cxd5 exd5 7. a3 Bxc3+ 8. bxc3 c5 9. Ne2 b6 10. O-O Ba6 11. dxc5 bxc5 12. Bxa6 Nxa6 13. c4 Nc7 14. cxd5 Ncxd5 15. Qc2 Qe7 16. Bb2 Rfc8 17. Rad1 c4 18. Nc3 Nxc3 19. Bxc3 Ne4 20. Rd4 Nxc3 21. Qxc3 Rc6 22. Rfd1 h6 23. Rxc4 Rxc4 24. Qxc4 Qxa3 25. h3 Qe7 26. Qc6 Rd8 27. Ra1 g6 28. g3 h5 29. h4 Kh7 30. Rb1 Rd6 31. Rb7 Rxc6 32. Rxe7 Kg7 33. Rxa7 Rc1+ 34. Kg2 Rc2 35. Kf3 Rc3 36. Kf4 Rc2 37. f3 Rc5 38. e4 Rc3 39. Ra6 Rb3 40. Rc6 Ra3 41. Rc5 Rb3 42. g4 hxg4 43. Kxg4 Rb1 44. h5 gxh5+ 45. Rxh5 Kf6 46. Kf4 Ke6 47. Rh6+ Ke7 48. e5 Rb3 49. Ke4 Kf8 50. f4 Kg7 51. Rd6 Rh3 52. Rd7 Kf8 53. Kf5 Rh5+ 54. Kg4 Rh6 55. f5 Ra6 56. f6 Kg8 57. Rd8+ Kh7 58. Rf8 Ra7 59. Kf5 Rb7 60. Kf4 Ra7 61. Ke4 Rd7 62. Re8 Ra7 63. Re7 Ra4+ 64. Kf5 Kg8 65. Re8+ Kh7 66. Rd8 Ra7 67. Rd4 Kg8 68. Rg4+ Kf8 69. Rh4 Kg8 70. Rc4 Ra1 71. Rg4+ Kf8 72. Ke4 Ra4+ 73. Kf5 Ra1 74. Rd4 Rf1+ 75. Ke4 Re1+ 76. Kd5 Ra1 77. Rc4 Kg8 78. Rc8+ Kh7 79. e6 Rd1+ 80. Kc6 Rc1+ 81. Kd7 Rxc8 82. Kxc8 fxe6 83. Kd7 Kg8 84. Ke7 1-0


[Site "https://www.chess.com"]

[Event "Titled Tuesday Blitz November 14 Early 2023"]
[White "Sychev, Klementy"]
[Black "Erdogmus, Yagiz Kaan"]
[WhiteFideId "4114060"]
[BlackFideId "44599790"]
[WhiteElo "2908"]
[BlackElo "3048"]
[Result "1-0"]
[Round "5"]
[TimeControl "180+1"]
[Date "2023.11.14"]
[WhiteClock "0:00:02"]
[BlackClock "0:00:00"]
[Board "7"]

1. e4 c5 2. Nf3 d6 3. d4 cxd4 4. Nxd4 Nf6 5. Nc3 a6 6. Bc4 e6 7. f4 Be7 8. e5 dxe5 9. fxe5 Nfd7 10. Bxe6 Nxe5 11. Bxc8 Qxc8 12. O-O O-O 13. Nf5 Bc5+ 14. Kh1 Qe6 15. Ne4 Nbd7 16. Qh5 g6 17. Nh6+ Kg7 18. Qh4 Be7 19. Ng5 Bxg5 20. Bxg5 f6 21. Bd2 Qc4 22. Qg3 Kh8 23. Bc3 Rae8 24. Rad1 b5 25. b3 Qe6 26. Bb4 Rc8 27. Bxf8 Rxf8 28. h3 Rc8 29. Ng4 Rxc2 30. Nxe5 Nxe5 31. Qf4 Kg7 32. Rf2 Rc8 33. Rfd2 Rc7 34. Rd6 Qe7 35. Rxa6 Rc2 36. a4 bxa4 37. bxa4 g5 38. Qf5 Ra2 39. Re6 Qf7 40. Rxe5 fxe5 41. Rd7 1-0


[Site "https://www.chess.com"]

[Event "Titled Tuesday Blitz November 14 Early 2023"]
[White "Martinez Alcantara, Jose Eduardo"]
[Black "Cherniaiev, Tykhon"]
[WhiteFideId "3805662"]
[BlackFideId "14182360"]
[WhiteElo "3031"]
[BlackElo "2838"]
[Result "1-0"]
[Round "5"]
[TimeControl "180+1"]
[Date "2023.11.14"]
[WhiteClock "0:00:09"]
[BlackClock "0:00:08"]
[Board "8"]

1. e4 e5 2. Nf3 Nc6 3. Bb5 a6 4. Ba4 Nge7 5. O-O Ng6 6. c3 d5 7. d3 Be7 8. Nbd2 O-O 9. Re1 Be6 10. Nf1 dxe4 11. dxe4 Qxd1 12. Rxd1 b5 13. Bb3 Bxb3 14. axb3 Rfd8 15. Rxd8+ Nxd8 16. Ne3 c6 17. g3 Nb7 18. Nf5 Bf8 19. Be3 a5 20. Ne1 a4 21. Kf1 Na5 22. bxa4 Nb3 23. Rd1 bxa4 24. Rd7 Bc5 25. Rc7 Bxe3 26. Nxe3 Nd2+ 27. Ke2 Nxe4 28. Rxc6 a3 29. bxa3 Rxa3 30. Rc8+ Nf8 31. Nd5 g6 32. Nd3 Kg7 33. Nxe5 Ra5 34. c4 Nd6 35. Rd8 Nf5 36. Kf1 h5 37. Rb8 Nd6 38. Rd8 Nf5 39. h4 Nd4 40. Rb8 Ra7 41. Nf4 Nfe6 42. Nxe6+ Nxe6 43. Rb1 Rc7 44. Rc1 Nc5 45. Rc2 Nb3 46. Nf3 Rc5 47. Ke2 Rf5 48. Rc3 Nc5 49. Ke3 Rf6 50. Nd4 Rd6 51. Ra3 Rd7 52. Ra5 Re7+ 53. Kf3 Ne4 54. Kg2 Rc7 55. Re5 Nd2 56. c5 Nc4 57. Rd5 Na5 58. Nb5 Rc6 59. Nd4 Rc7 60. Kf3 Kf8 61. Kg2 Ke7 62. f3 Nb7 63. c6 Nd8 64. g4 hxg4 65. fxg4 Ne6 66. Nxe6 Kxe6 67. Rc5 Kd6 68. Rc2 Rc8 69. c7 Kd7 70. h5 gxh5 71. gxh5 Rg8+ 72. Kf3 Kc8 73. Kf4 f6 74. Rh2 Kxc7 75. Kf5 Kd7 76. Kxf6 Ra8 77. h6 Ke8 78. h7 Ra6+ 79. Ke5 Kf7 80. h8=Q Ra5+ 81. Kd4 Ra6 82. Kc5 Rf6 83. Rh7+ Kg6 84. Qg8+ Kf5 85. Rh5+ Kf4 86. Qg5+ Kf3 87. Qxf6+ Kg2 88. Rg5+ Kh1 89. Qh6# 1-0


[Site "https://www.chess.com"]

[Event "Titled Tuesday Blitz November 14 Early 2023"]
[White "Harshavardhan G B"]
[Black "Vokhidov, Shamsiddin"]
[WhiteFideId "25059009"]
[BlackFideId "14204223"]
[WhiteElo "2766"]
[BlackElo "3006"]
[Result "0-1"]
[Round "5"]
[TimeControl "180+1"]
[Date "2023.11.14"]
[WhiteClock "0:00:12"]
[BlackClock "0:01:06"]
[Board "9"]

1. d4 Nf6 2. c4 e6 3. Nc3 Bb4 4. f3 c5 5. a3 Bxc3+ 6. bxc3 Nc6 7. e4 d6 8. Bg5 h6 9. Be3 b6 10. Bd3 Qd7 11. Ne2 Ba6 12. Ng3 Na5 13. e5 dxe5 14. dxe5 Nh7 15. Qe2 O-O-O 16. Bxh7 Rxh7 17. Ne4 Bxc4 18. Qb2 Qd3 19. Kf2 Bb3 20. Rhe1 Rd7 21. Re2 Rh8 22. Nd6+ Kb8 23. Rd2 Qa6 24. Qb1 Ba4 25. Qe4 Nb3 26. Rad1 Nxd2 27. Rxd2 Rhd8 28. f4 f5 29. Qf3 Rc7 30. h4 Bc6 31. Qg3 Qxa3 32. Qg6 Re7 33. c4 Qc3 34. Re2 a5 35. Nxf5 Be4 36. Nxe7 Bxg6 37. Nxg6 a4 38. f5 a3 39. fxe6 Qxc4 40. e7 Re8 41. e6 a2 42. Bf4+ Kb7 43. Be5 Qxe6 44. h5 Qxe5 0-1


[Site "https://www.chess.com"]

[Event "Titled Tuesday Blitz November 14 Early 2023"]
[White "Dubov, Daniil"]
[Black "Madaminov, Mukhiddin"]
[WhiteFideId "24126055"]
[BlackFideId "14210703"]
[WhiteElo "3130"]
[BlackElo "2876"]
[Result "1/2-1/2"]
[Round "5"]
[TimeControl "180+1"]
[Date "2023.11.14"]
[WhiteClock "0:00:01"]
[BlackClock "0:00:03"]
[Board "10"]

1. e4 e5 2. Nf3 Nc6 3. Bc4 Nf6 4. d3 d5 5. exd5 Nxd5 6. a4 Be7 7. a5 O-O 8. c3 Be6 9. O-O Qd7 10. Re1 f6 11. Nbd2 Bf7 12. Ne4 b6 13. Qa4 a6 14. axb6 cxb6 15. Qd1 b5 16. Bb3 Rfd8 17. d4 exd4 18. Nxd4 Bf8 19. Nxc6 Qxc6 20. Qf3 a5 21. Be3 a4 22. Ba2 Qc7 23. Bd4 b4 24. cxb4 Nxb4 25. Nxf6+ gxf6 26. Qxf6 Rxd4 27. Bxf7+ Qxf7 28. Qxd4 Nc2 29. Qe4 Nxe1 30. Qxa8 Nd3 31. Rf1 Nxb2 32. Qe4 a3 33. Qc2 Qc4 34. Qf5 Nd3 35. Qg5+ Kf7 36. Qf5+ Kg8 37. Qg5+ Kf7 38. Qf5+ Ke7 39. Qxh7+ Kd8 40. Rd1 a2 41. Rxd3+ Kc8 42. Qd7+ Kb8 43. Rd1 Bc5 44. Qe8+ Kb7 45. Qd7+ Kb6 46. Qd2 Bd4 47. h3 a1=Q 48. Rxa1 Bxa1 49. Qd6+ Kb5 50. Qd7+ Kb4 51. Qd2+ Bc3 52. Qd1 Qe4 53. g3 Bd4 54. Qd2+ Kc5 55. h4 Qb1+ 56. Kg2 Qe4+ 57. f3 Qe5 58. g4 Be3 59. Qc2+ Kd4 60. Qd1+ Kc5 61. g5 Bf4 62. Qc2+ Kd5 63. Qd3+ Ke6 64. Qg6+ Ke7 65. Kh3 Qe3 66. Kg4 Bd6 67. Qf6+ Kd7 68. Qf7+ Kd8 69. h5 Qg1+ 70. Kf5 Qb1+ 71. Kf6 Qb2+ 72. Kg6 Qc2+ 73. Qf5 Qc3 74. Qf6+ Qxf6+ 75. Kxf6 Ke8 76. g6 Kf8 77. g7+ Kg8 78. Kg6 Be5 79. h6 Bxg7 80. hxg7 1/2-1/2


[Site "https://www.chess.com"]

[Event "Titled Tuesday Blitz November 14 Early 2023"]
[White "Hafiz, Arif Abdul"]
[Black "Pranav, V"]
[WhiteFideId "7104227"]
[BlackFideId "25060783"]
[WhiteElo "2840"]
[BlackElo "3097"]
[Result "1/2-1/2"]
[Round "5"]
[TimeControl "180+1"]
[Date "2023.11.14"]
[WhiteClock "0:00:05"]
[BlackClock "0:00:04"]
[Board "11"]

1. e4 e5 2. Nc3 Nc6 3. f4 d6 4. Nf3 Bg4 5. Bb5 Nf6 6. fxe5 dxe5 7. O-O Bc5+ 8. Kh1 O-O 9. Bxc6 bxc6 10. h3 Bh5 11. d3 Nd7 12. Qe1 Bd6 13. Qg3 f5 14. exf5 e4 15. Qg5 Bxf3 16. gxf3 Qxg5 17. Bxg5 exd3 18. f6 Nxf6 19. Bxf6 Rxf6 20. Ne4 Rh6 21. Nxd6 cxd6 22. Kh2 Re8 23. Rf2 dxc2 24. Rxc2 c5 25. Rd1 Re3 26. Kg3 Kf7 27. Rcd2 Ke7 28. Rd3 Rg6+ 29. Kf2 Rxd3 30. Rxd3 Re6 31. Ra3 Rh6 32. Rxa7+ Ke6 33. Rxg7 Rxh3 34. a4 Rh2+ 35. Rg2 Rh1 36. Ke3 Kd5 37. Kd3 h5 38. f4 h4 39. Rg5+ Kc6 40. f5 h3 41. Rh5 Kd5 42. a5 h2 43. Kc2 Ke5 44. a6 Ra1 45. Rxh2 Kxf5 46. Re2 Rxa6 47. Kc3 Ra4 48. Re8 Re4 49. Rd8 Ke5 50. Rh8 Kd5 51. Rh5+ Kc6 52. Rh6 Kd5 53. Rh5+ Re5 54. Rh6 Re3+ 55. Kd2 Rg3 56. Rh5+ Kc4 57. Kc2 Rg2+ 58. Kb1 d5 59. Rh3 d4 60. Kc1 Kb4 61. Rh8 Kc4 62. Rh4 Re2 63. Rh3 Re3 64. Rh2 Kb3 65. Rh8 Re1+ 66. Kd2 Rg1 67. Rb8+ Kc4 68. b3+ Kd5 69. Rd8+ Ke4 70. Re8+ Kd5 71. Rd8+ Kc6 72. Rc8+ Kb6 73. Rb8+ Kc7 74. Rb5 Kc6 75. Rb8 Rg7 76. Kd3 Rg3+ 77. Kd2 Rg7 78. Kd3 Rb7 79. Rxb7 Kxb7 80. b4 cxb4 81. Kxd4 Kb6 82. Kc4 Ka5 83. Kb3 Kb5 84. Kb2 Ka4 1/2-1/2


[Site "https://www.chess.com"]

[Event "Titled Tuesday Blitz November 14 Early 2023"]
[White "Le, Tuan Minh"]
[Black "Alexandre, Anne Shopie Elizabeth"]
[WhiteFideId "12401153"]
[BlackFideId "11902418"]
[WhiteElo "3061"]
[BlackElo "2835"]
[Result "1/2-1/2"]
[Round "5"]
[TimeControl "180+1"]
[Date "2023.11.14"]
[WhiteClock "0:00:20"]
[BlackClock "0:01:23"]
[Board "12"]

1. d4 Nf6 2. c4 e6 3. Nc3 Bb4 4. e3 b6 5. Bd2 Bb7 6. Nf3 Bxc3 7. Bxc3 Ne4 8. Rc1 Nxc3 9. Rxc3 d6 10. Be2 Nd7 11. O-O O-O 12. b4 a5 13. a3 axb4 14. axb4 Nf6 15. c5 bxc5 16. bxc5 Ne4 17. Rc2 Bd5 18. Bd3 Ra3 19. cxd6 cxd6 20. Rb2 Nc3 21. Qc2 Bxf3 22. gxf3 Qg5+ 23. Kh1 Qh5 24. Be2 g6 25. f4 Nxe2 26. Qxe2 Qd5+ 27. Kg1 Rfa8 28. Rc1 Kg7 29. Rbc2 Ra1 30. Qf1 Rxc1 31. Rxc1 Ra2 32. Qg2 Qxg2+ 33. Kxg2 d5 34. Kf3 Rb2 35. Rc7 Ra2 36. Rb7 Rc2 37. Ra7 Rb2 38. Rc7 Ra2 39. Rb7 Rc2 40. Ra7 Rb2 1/2-1/2


[Site "https://www.chess.com"]

[Event "Titled Tuesday Blitz November 14 Early 2023"]
[White "Demchenko, Anton"]
[Black "Rakhmanov, Aleksandr"]
[WhiteFideId "4160258"]
[BlackFideId "4173708"]
[WhiteElo "3027"]
[BlackElo "2831"]
[Result "1/2-1/2"]
[Round "5"]
[TimeControl "180+1"]
[Date "2023.11.14"]
[WhiteClock "0:00:05"]
[BlackClock "0:00:04"]
[Board "13"]

1. e4 d5 2. exd5 c6 3. dxc6 Nxc6 4. Bb5 e5 5. d3 Bc5 6. Nf3 Bxf2+ 7. Kxf2 Qb6+ 8. Be3 Qxb5 9. Nc3 Qa5 10. Ne4 Nf6 11. Nxf6+ gxf6 12. Re1 Be6 13. Qd2 Qc7 14. Qc3 Rg8 15. b4 Qd7 16. d4 e4 17. Nd2 f5 18. Qb2 Qd6 19. g3 Qxb4 20. Reb1 Qxb2 21. Rxb2 b6 22. c4 O-O-O 23. d5 Ne5 24. Rb3 Bd7 25. a4 Nd3+ 26. Ke2 f4 27. Bxf4 Nxf4+ 28. gxf4 Rg2+ 29. Ke3 Rxh2 30. a5 Rh3+ 31. Kxe4 Re8+ 32. Kd4 Rxb3 33. Nxb3 Kb7 34. axb6 axb6 35. Rb1 Kc7 36. c5 Bf5 37. Rb2 Re4+ 38. Kc3 bxc5 39. Nxc5 Rxf4 40. Rb5 h5 41. Na6+ Kd6 42. Nb4 h4 43. Rb6+ Ke5 44. Rh6 h3 45. d6 Rf1 46. Nc6+ Kf4 47. Nd4 Rc1+ 48. Kd2 Rc5 49. Rh5 Rd5 50. Kc3 Rxd6 51. Rxf5+ Kg4 52. Rxf7 Rh6 53. Rg7+ Kf4 54. Rf7+ Kg4 55. Rg7+ Kf4 56. Rf7+ Kg4 1/2-1/2


[Site "https://www.chess.com"]

[Event "Titled Tuesday Blitz November 14 Early 2023"]
[White "AlmasRakhmatullaev"]
[Black "Korobov, Anton"]
[BlackFideId "14105730"]
[WhiteElo "2880"]
[BlackElo "3008"]
[Result "1-0"]
[Round "5"]
[TimeControl "180+1"]
[Date "2023.11.14"]
[WhiteClock "0:00:30"]
[BlackClock "0:00:26"]
[Board "14"]

1. e4 c5 2. Nf3 d6 3. d4 cxd4 4. Qxd4 Nf6 5. h3 Nc6 6. Qe3 g6 7. Be2 Bg7 8. O-O O-O 9. Rd1 Qb6 10. Qxb6 axb6 11. Nc3 Nd7 12. Nd5 Rb8 13. c3 e6 14. Nb4 Nxb4 15. cxb4 Nf6 16. Rxd6 Nxe4 17. Rxb6 Ra8 18. Bd3 Nf6 19. a3 Nd5 20. Rb5 Bd7 21. Ra5 Rxa5 22. bxa5 Ra8 23. Bd2 Bxb2 24. Rb1 Bxa3 25. Rxb7 Bc6 26. Rb3 Bc5 27. Ne5 Be8 28. Be4 Rd8 29. Rd3 Bb5 30. Rf3 f5 31. Bd3 Nf6 32. Bg5 Bxd3 33. Bxf6 Rf8 34. Rxd3 Rxf6 35. Nd7 1-0


[Site "https://www.chess.com"]

[Event "Titled Tuesday Blitz November 14 Early 2023"]
[White "Nazari, Arad"]
[Black "Baskakov, Egor"]
[WhiteFideId "12577324"]
[BlackFideId "24197866"]
[WhiteElo "2766"]
[BlackElo "2917"]
[Result "1-0"]
[Round "5"]
[TimeControl "180+1"]
[Date "2023.11.14"]
[WhiteClock "0:00:17"]
[BlackClock "0:00:16"]
[Board "15"]

1. e4 c5 2. Nf3 Nf6 3. e5 Nd5 4. Nc3 e6 5. Ne4 Nc6 6. b3 f5 7. Nc3 Nde7 8. Bb2 Ng6 9. Qe2 d5 10. exd6 Bxd6 11. g3 O-O 12. O-O-O e5 13. h4 Nd4 14. Nxd4 cxd4 15. Nb5 Bb8 16. Qc4+ Kh8 17. h5 Ne7 18. h6 g6 19. Nxd4 b5 20. Nxb5 Bb7 21. Rh2 Bd5 22. Qc5 a6 23. Nc3 Ba7 24. Qa3 Bf3 25. Be2 Bb7 26. f4 Bd4 27. Bc4 Qc7 28. Na4 Nc6 29. Bxd4 Nxd4 30. Qc5 Qxc5 31. Nxc5 Bf3 32. Re1 e4 33. Ne6 Nxe6 34. Bxe6 Rad8 35. Bc4 a5 36. a3 Rd6 37. Re3 Rb8 38. d3 Rc6 39. dxe4 fxe4 40. Rd2 g5 41. fxg5 Rg6 42. Rd5 Rc8 43. Rxa5 Rd6 44. a4 Bh5 45. Rd5 Rdc6 46. Rd4 Bg6 47. a5 Rc5 48. Rd5 R5c6 49. Re5 Rc5 50. Rxc5 Rxc5 51. a6 Rxg5 52. b4 Re5 53. a7 Re8 54. Bd5 Bf7 55. Bxf7 Ra8 56. Rxe4 Rc8 57. Re8+ Rxe8 58. Bxe8 1-0


[Site "https://www.chess.com"]

[Event "Titled Tuesday Blitz November 14 Early 2023"]
[White "Begmuratov, Alisher"]
[Black "Alekseenko, Kirill"]
[WhiteFideId "14203367"]
[BlackFideId "4135539"]
[WhiteElo "2721"]
[BlackElo "2909"]
[Result "0-1"]
[Round "5"]
[TimeControl "180+1"]
[Date "2023.11.14"]
[WhiteClock "0:00:15"]
[BlackClock "0:00:42"]
[Board "16"]

1. c4 e5 2. g3 Nc6 3. Bg2 g6 4. Nc3 d6 5. Nf3 Bg7 6. O-O Nge7 7. Rb1 a5 8. a3 Bf5 9. d3 Qd7 10. Nd2 Bh3 11. b4 axb4 12. axb4 h5 13. b5 Nd8 14. f3 Bxg2 15. Kxg2 h4 16. g4 f5 17. h3 e4 18. Bb2 e3 19. Nb3 Ne6 20. Ra1 O-O 21. Qc1 Rxa1 22. Bxa1 Nf4+ 23. Kh1 Qe6 24. d4 Nxh3 25. Nd5 Nxd5 26. cxd5 Qxd5 27. Qxe3 fxg4 28. Nd2 g3 29. Qe4 Nf2+ 30. Rxf2 Qxe4 31. Nxe4 gxf2 32. Nxf2 Rf5 33. Bc3 Rxb5 34. Kg2 Rb3 35. Be1 Bxd4 0-1


[Site "https://www.chess.com"]

[Event "Titled Tuesday Blitz November 14 Early 2023"]
[White "Pourkashiyan, Atousa"]
[Black "Kamsky, Gata"]
[WhiteFideId "12502014"]
[BlackFideId "2000024"]
[WhiteElo "2529"]
[BlackElo "2901"]
[Result "0-1"]
[Round "5"]
[TimeControl "180+1"]
[Date "2023.11.14"]
[WhiteClock "0:00:00"]
[BlackClock "0:00:33"]
[Board "17"]

1. e4 c5 2. Nf3 e6 3. d4 cxd4 4. Nxd4 a6 5. Nc3 b5 6. Bd3 Qb6 7. Nf3 Qc7 8. O-O Bb7 9. Re1 Bc5 10. Be3 Bxe3 11. Rxe3 Nf6 12. Nd4 Nc6 13. Bf1 O-O 14. a3 d6 15. Nxc6 Bxc6 16. Qd4 Rfd8 17. Rg3 e5 18. Qe3 Nh5 19. Rg5 Nf4 20. Rd1 f6 21. Rg4 d5 22. exd5 Nxd5 23. Nxd5 Bxd5 24. c3 Bb3 25. Re1 Kh8 26. Bd3 Qd7 27. Be2 Qd2 28. Bf3 Qxe3 29. Rxe3 Ra7 30. Rb4 Bc4 31. b3 a5 32. bxc4 axb4 33. cxb4 bxc4 34. Rc3 g6 35. g3 Rd3 36. Rxd3 cxd3 37. b5 Rxa3 38. b6 Rb3 39. b7 f5 40. Bd5 Rb1+ 41. Kg2 e4 0-1


[Site "https://www.chess.com"]

[Event "Titled Tuesday Blitz November 14 Early 2023"]
[White "Tabatabaei, M. Amin"]
[Black "Idani, Pouya"]
[WhiteFideId "12521213"]
[BlackFideId "12510130"]
[WhiteElo "3083"]
[BlackElo "2808"]
[Result "0-1"]
[Round "5"]
[TimeControl "180+1"]
[Date "2023.11.14"]
[WhiteClock "0:00:43"]
[BlackClock "0:00:30"]
[Board "18"]

1. d4 d5 2. Nf3 Nf6 3. Bf4 c5 4. e3 Nc6 5. c3 Qb6 6. Qc2 g6 7. Nbd2 Bg7 8. h3 O-O 9. Be2 Bd7 10. O-O Rac8 11. Qb3 c4 12. Qxb6 axb6 13. Rfe1 b5 14. a3 Nh5 15. Bh2 f5 16. Bd1 Nf6 17. Ne5 Nxe5 18. Bxe5 Ne4 19. Nf3 Bf6 20. Bc2 Ra8 21. Bh2 Bc6 22. Ne5 Nd6 23. g4 Bg7 24. Kg2 Be8 25. Bf4 Ra6 26. f3 e6 27. h4 Nf7 28. Rh1 Nxe5 29. Bxe5 Bxe5 30. dxe5 fxg4 31. fxg4 Bc6 32. Rhf1 d4+ 33. Kg1 Rxf1+ 34. Kxf1 d3 35. Bd1 Ra8 36. g5 Rf8+ 37. Kg1 Rf5 38. Bg4 Rxe5 39. Kf2 Kg7 40. Rg1 h6 41. gxh6+ Kxh6 42. Rg3 Be4 43. Ke1 Bf5 44. Bf3 Rxe3+ 45. Kd2 Re5 46. Bxb7 Re2+ 47. Kc1 e5 48. Bc6 e4 49. Bxb5 e3 50. Rg1 Rc2+ 0-1


[Site "https://www.chess.com"]

[Event "Titled Tuesday Blitz November 14 Early 2023"]
[White "Sadhwani, Raunak"]
[Black "Ladopoulos, Dimitrios"]
[WhiteFideId "35093487"]
[BlackFideId "4239580"]
[WhiteElo "3050"]
[BlackElo "2716"]
[Result "1-0"]
[Round "5"]
[TimeControl "180+1"]
[Date "2023.11.14"]
[WhiteClock "0:00:12"]
[BlackClock "0:00:00"]
[Board "19"]

1. f4 Nf6 2. Nf3 g6 3. g3 Bg7 4. Bg2 O-O 5. O-O d5 6. d3 c5 7. Qe1 d4 8. e4 dxe3 9. Bxe3 Nd5 10. c3 Nxe3 11. Qxe3 Qb6 12. Rf2 Nc6 13. Na3 Rd8 14. Ng5 Bf5 15. Ne4 Bxe4 16. dxe4 Na5 17. e5 e6 18. b3 Bf8 19. g4 c4 20. Qxb6 axb6 21. b4 Rd3 22. Nb5 Nc6 23. Bf1 Rdd8 24. Bxc4 g5 25. fxg5 Nxe5 26. Be2 Rd2 27. a3 Be7 28. h4 Ng6 29. Raf1 Nxh4 30. Rxf7 Bxg5 31. Bc4 Rg2+ 32. Kh1 Kh8 33. Bxe6 Rg3 34. Kh2 Rg2+ 35. Kh3 Re2 36. Bd5 Rd8 37. c4 Re3+ 38. Kh2 Rde8 39. Nd6 Re2+ 40. R7f2 Rxf2+ 41. Rxf2 Re3 42. Nf7+ 1-0


[Site "https://www.chess.com"]

[Event "Titled Tuesday Blitz November 14 Early 2023"]
[White "Borsuk, Konstantin"]
[Black "Niemann, Hans Moke"]
[WhiteFideId "14113406"]
[BlackFideId "2093596"]
[WhiteElo "2724"]
[BlackElo "3031"]
[Result "0-1"]
[Round "5"]
[TimeControl "180+1"]
[Date "2023.11.14"]
[WhiteClock "0:00:00"]
[BlackClock "0:01:29"]
[Board "20"]

1. d4 Nf6 2. c4 e6 3. Nc3 Bb4 4. Qc2 d5 5. cxd5 exd5 6. Bg5 h6 7. Bxf6 Qxf6 8. a3 Bxc3+ 9. Qxc3 c6 10. e3 O-O 11. Nf3 Bf5 12. Bd3 Nd7 13. O-O Rfe8 14. a4 Rac8 15. a5 a6 16. Rac1 Bxd3 17. Qxd3 Qd6 18. Qb3 Qc7 19. Qb4 Nf6 20. Ne5 Ne4 21. Rfe1 Nd6 22. Nd3 Re7 23. Rc3 Rce8 24. Rec1 h5 25. h3 h4 26. Ne5 Ne4 27. R3c2 Re6 28. Qe1 Qd8 29. Re2 Qg5 30. Rd1 f6 31. Nd3 R6e7 32. Qb4 Kh7 33. Rde1 Qf5 34. Rd1 g5 35. f3 Ng3 36. Ree1 Rxe3 37. Qxb7+ Kg8 38. Qxc6 Kg7 39. Rxe3 Rxe3 40. Nf2 Ne2+ 41. Kf1 Ng3+ 42. Kg1 Re6 43. Qd7+ Kg6 44. Qd8 Kf7 45. Ng4 Qc2 0-1


[Site "https://www.chess.com"]

[Event "Titled Tuesday Blitz November 14 Early 2023"]
[White "Terry, Renato"]
[Black "Halkias, Stelios"]
[WhiteFideId "3803457"]
[BlackFideId "4201809"]
[WhiteElo "3006"]
[BlackElo "2723"]
[Result "1-0"]
[Round "5"]
[TimeControl "180+1"]
[Date "2023.11.14"]
[WhiteClock "0:00:33"]
[BlackClock "0:00:03"]
[Board "21"]

1. d4 d5 2. Bg5 Nf6 3. e3 c5 4. c3 Nc6 5. Nf3 Qb6 6. Qb3 c4 7. Qc2 Ne4 8. Nbd2 Nxg5 9. Nxg5 g6 10. e4 Bh6 11. h4 e6 12. e5 O-O 13. f4 f6 14. exf6 Rxf6 15. g3 e5 16. Bg2 Bf5 17. Bxd5+ Kg7 18. Be4 exd4 19. Bxf5 gxf5 20. O-O-O Na5 21. Rhe1 Kg8 22. cxd4 Rc8 23. Nb1 Bf8 24. Nc3 Nb3+ 25. Kb1 Nxd4 26. Qd2 Rd6 27. Qe3 Bg7 28. Qe7 Qc7 29. Qxc7 Rxc7 30. Re8+ Bf8 31. Rxd4 Rxd4 32. Rxf8+ Kxf8 33. Ne6+ Ke7 34. Nxd4 Rd7 35. Nxf5+ Kf7 36. Kc2 a6 37. a4 b6 38. Ne3 Rd3 39. Nxc4 Rxg3 40. Nxb6 Rh3 41. Nbd5 Rxh4 42. b4 Rh2+ 43. Kd3 h5 44. Ke3 h4 45. Kf3 Rh1 46. Kg4 Kg6 47. b5 axb5 48. axb5 h3 49. b6 h2 50. Kg3 Rc1 51. Kxh2 Kf5 52. Kg3 Rc2 53. Ne3+ Ke6 54. Nxc2 1-0


[Site "https://www.chess.com"]